 Dungeon Crawl Stone Soup version 0.31-a0-430-gf8416d752b (webtiles) character file.

Game seed: 6033781680435145311

58 Ajdolov the Changeling (level 3, -5/15 HPs)
             Began as a Felid Shapeshifter on July 31, 2023.
             Was a Believer of Uskayaw.
             Slain by an orc priest
             ... wielding a +0 flail
              (12 damage)
             ... on level 3 of the Dungeon.
             The game lasted 00:02:20 (1427 turns).

Ajdolov the Changeling (Felid Shapeshifter)         Turns: 1427, Time: 00:02:21

Health: -5/15      AC:  1    Str: 11    XL:     3   Next: 76%
Magic:  4/4        EV: 17    Int:  9    God:    Uskayaw [**....]
Gold:   27         SH:  5    Dex: 18    Spells: 2/2 levels left
                                        Lives:  0   Deaths: 0

rFire   . .          .
                       - Unarmed
rCold   . . .        (shield unavailable)
rNeg    . . .        (body armour unavailable)
rPois   .            (helmet unavailable)
rElec   .            (cloak unavailable)
rCorr   .            (gloves unavailable)
SInv    +            (boots unavailable)
Will    .....        f - amulet of reflection
Stlth   ++           (no ring)
HPRegen 0.22/turn    (no ring)
MPRegen 0.09/turn

%: reflection
@: beast-form, quick
A: beast (slay +3), very small, claws 1, fangs 3, see invisible, speed 1, shaggy
fur 1, stealthy paws, no weapons or thrown items, no armour, multi-lived
a: Begin Untransformation, Renounce Religion, Stomp, Line Pass


You were on level 3 of the Dungeon.
You worshipped Uskayaw.
Uskayaw was noncommittal.
You were a hulking beast.
You visited 1 branch of the dungeon, and saw 3 of its levels.

You collected 27 gold pieces.

Inventory:

Jewellery
 e - a ring of wizardry
 f - an amulet of reflection (around neck)
Talismans
 b - a beast talisman (active)
Scrolls
 c - 2 scrolls of fear {unknown}
 g - 2 scrolls of enchant weapon {unknown}
 h - a scroll of teleportation {unknown}
 i - a scroll of identify {unknown}
 j - a scroll of noise {unknown}
Potions
 a - a potion of lignification
 d - a potion of haste {unknown}
 k - a potion of mutation {unknown}


   Skills:
 - Level 1.0 Fighting
 - Level 2.6 Dodging
 + Level 3.6 Unarmed Combat
 * Level 4.3 Shapeshifting


You had 2 spell levels left.
You didn't know any spells.
Your spell library was empty.

Dungeon Overview and Level Annotations

Branches:
Dungeon (3/15)

Altars:
Uskayaw
Xom

Annotations:
D:2 Sigmund


Innate Abilities, Weirdness & Mutations

You are a hulking beast.
Your limbs bulge with bestial killing power. (Slay +3)
You have sharp claws.
You have razor-sharp teeth.
You have supernaturally acute eyesight. (SInv)
You cover ground quickly. (Speed+)
You are covered in fur. (AC +1)
Your paws help you pounce on unaware monsters.
You are incapable of wielding weapons or throwing items.
You cannot wear armour.
You gain extra lives every three experience levels.


Message History

No target in view!
k - a viscous white potion You see here 6 stones.
There is a hide-covered altar of Uskayaw here.
You sit before the altar of Uskayaw.
Uskayaw welcomes you!
An orc and a bat come into view.
An orc priest comes into view. It is wielding a +0 flail.
An orc comes into view. It is wielding a +0 club.
The bat closely misses you.
The orc shouts! x2
The bat hits you but does no damage. The bat barely misses you.
You block the orc's attack.
You claw the orc!
You kill the orc!
The bat misses you.
You claw the bat!
You kill the bat!
You can now stomp with the beat.
You claw the orc!
You kill the orc!
You scratch the orc priest.
The orc priest is moderately wounded.
The orc priest hits you with a +0 flail!
Ouch! That really hurt!
You can now pass through a line of other dancers.
You are too injured to fight recklessly!
You are too injured to fight recklessly!
You scratch the orc priest but do no damage.
You bite the orc priest.
The orc priest is moderately wounded.
The orc priest barely misses you.
You scratch the orc priest.
The orc priest is heavily wounded.
The orc priest completely misses you.
You barely miss the orc priest.
The orc priest is heavily wounded.
The orc priest hits you with a +0 flail!
Ouch! That really hurt!
You die...

#####
##...##
##.....##
#.......#
#.......
♣♣♣ #......
♣.♣♣
#....o♣
P♣.P♣ ♣..h♣
P..♣♣ ♣...♣
P...
♣...♣♣♣♣.♣
♣....♣P.P♣
♣.....♣..♣
#....##..##
#.##.##.##
...
#.##.####
...#
#..._...#


You could see an orc priest.

Vanquished Creatures
  An adder (D:2)
  A dart slug (D:1)
  2 orcs (D:3)
  6 endoplasms
  3 giant cockroaches
  5 goblins (D:1)
  3 hobgoblins
  4 jackals (D:1)
  A kobold (D:1)
  A quokka (D:1)
  5 bats
  2 frilled lizards (D:1)
  7 rats
41 creatures vanquished.

Notes
Turn   | Place    | Note
-------+----------+-------------------------------------------
     0 | D:1      | Ajdolov the Felid Shapeshifter began the quest for the Orb.
     0 | D:1      | Reached XP level 1. HP: 9/9 MP: 2/2
    79 | D:1      | Reached XP level 2. HP: 11/12 MP: 3/3
   495 | D:1      | Reached skill level 4 in Shapeshifting
   496 | D:1      | Reached XP level 3. HP: 13/15 MP: 4/4
   818 | D:2      | Found a shimmering altar of Xom.
  1286 | D:2      | Found a faded altar of an unknown god.
  1290 | D:2      | Noticed Sigmund
  1393 | D:3      | Found a hide-covered altar of Uskayaw.
  1406 | D:3      | Became a worshipper of Uskayaw the Reveller
  1422 | D:3      | Reached * piety under Uskayaw
  1424 | D:3      | Reached ** piety under Uskayaw
  1427 | D:3      | Slain by an orc priest

Illustrated notes

Levels and vault maps discovered:
D:1:      psy_arrival_terrarium, layout_loops_ring
D:2:      layout_rooms, basic_altar, shapermc_ecumenical_altar_mp_highgroup,
          uniq_sigmund
D:3:      layout_rooms, old_standard_altar, lemuel_crystal_altar,
          lemuel_round_altar, serial_shops, nicolae_shop_rolling_square,
          serial_forest, infiniplex_forest_lined_4_way,
          infiniplex_forest_corner_1, infiniplex_forest_clump_diagonal,
          infiniplex_forest_clump_medium, infiniplex_forest_lined_room_2,
          infiniplex_forest_corner_1, infiniplex_forest_end_3,
          infiniplex_forest_end_2

Skill      XL: |  1  2 |
---------------+-------+-----
Shapeshifting  | 4 |  4.3
Fighting       | |  1.0
Dodging        | |  2.6
Unarmed Combat | |  3.6

Action                     || total
---------------------------++-------
  Melee: Unarmed           ||    77
         Bite              ||     4
         Punch             ||     3
   Stab: Sleeping          ||     2
 Armour: Skin              ||     1
  Dodge: Dodged            ||    42
  Block: Other             ||     1

Table legend: (Time is in decaauts)
 A = Elapsed time spent in this place.
 B = Non-inter-level travel time spent in this place.
 C = Inter-level travel time spent in this place.
 D = Time resting spent in this place.
 E = Time spent auto-exploring this place.
 F = Levels seen in this place.
 G = Mean time per level.
                   A        B        C        D        E       F      G
               +--------+--------+--------+--------+--------+-----+--------+
         Total |   1173 |   1120 |     53 |      0 |    853 |   3 |  391.0 |
       Dungeon |   1173 |   1120 |     53 |      0 |    853 |   3 |  391.0 |
               +--------+--------+--------+--------+--------+-----+--------+

Top non-repeatable levels by time:
     D:1: 646 daAuts
     D:2: 485 daAuts
     D:3: 41 daAuts
